Map: 16-Bit LE

Players

ShoWTimE

  • Race: Protoss Protoss
  • Spawn Location: 7:00

Kelazhur - Winner!

  • Race: Terran Terran
  • League: Master
  • Spawn Location: 1:00

Event: WCS Austin 2018

VOD

Have the link to the VOD?

Description

Time

  • Played on: June 1, 2018, 9:48 p.m.
  • Length: 6:18

All games in this series

Show
View Real Time Build Order
Export as new Build Order

ShoWTimE Protoss 

Build Orders: 1 Gate Expand, Oracle Opening, Phoenix Opening 

Get SALT Encoding   

  12  0:00  Probe  
  13  0:12  Probe  
  14  0:18  Pylon  
  14  0:25  Probe  
  15  0:33  Probe  
  15  0:38  Gateway  
  15  0:41  Probe  
  16  0:48  Assimilator  
  17  0:51  Probe  
  18  1:03  Probe  
  19  1:15  Probe  
  20  1:26  Nexus  
  20  1:37  Cybernetics Core  
  20  1:41  Probe  
  21  1:49  Assimilator  
  21  1:53  Probe  
  22  2:00  Pylon  
  22  2:05  Probe  
  23  2:09  Adept  
  23  2:18  Probe  
  23  2:20  Stargate  
  25  2:26  Warp Gate  
  25  2:28  Adept  
  25  2:30  Probe  
  25  2:35  Probe  
  28  2:42  Probe  
  28  2:43  Probe  
  31  2:53  Adept, Probe  
  31  2:54  Oracle, Probe  
  38  3:06  Probe  
  38  3:08  Probe  
  40  3:18  Probe  
  41  3:20  Probe  
  41  3:23  Pylon  
  42  3:28  Oracle  
  42  3:30  Probe  
  46  3:41  Probe  
  46  3:42  Probe  
  48  3:52  Nexus  
  48  3:53  Probe  
  48  3:54  Probe  
  50  3:58  Phoenix  
  50  4:04  Gateway  
  50  4:05  Probe  
  50  4:09  Pylon  
  53  4:14  Gateway  
  53  4:16  Probe  
  54  4:26  Assimilator  
  54  4:27  Probe  
  54  4:28  Assimilator, Probe  
  56  4:32  Phoenix  
  58  4:39  Probe  
  58  4:40  Pylon, Probe  
  60  4:50  Phoenix  
  60  4:52  Probe x2  
  62  4:53  Forge  
  62  4:55  Twilight Council  
  64  5:05  Robotics Facility, Probe x2  
  66  5:07  Sentry  
  66  5:09  Probe  
  69  5:16  Pylon  
  69  5:17  Probe x2  
  71  5:21  Probe  
  71  5:22  Sentry  
  74  5:29  Probe  
  74  5:30  Probe  
  74  5:31  Stalker  
  74  5:33  Probe  
  68  5:41  Probe  
  68  5:42  Probe  
  68  5:46  Probe  
  68  5:54  Probe x2  
  65  6:04  Probe  
  65  6:06  Probe  
Show
View Real Time Build Order
Export as new Build Order

Kelazhur Terran - Winner!

Build Orders: Gas First Reaper Expand, Reaper Expand 

Get SALT Encoding   

  12  0:00  SCV  
  13  0:12  SCV  
  14  0:17  Supply Depot  
  14  0:25  SCV  
  15  0:29  Refinery  
  15  0:39  SCV  
  16  0:46  Barracks  
  16  0:51  SCV  
  17  1:03  SCV  
  18  1:15  SCV  
  19  1:33  Orbital Command, Reaper  
  20  1:46  Command Center  
  20  1:59  Factory  
  20  2:02  SCV  
  20  2:07  Barracks Reactor  
  21  2:14  SCV  
  22  2:22  Supply Depot  
  22  2:25  Refinery  
  22  2:26  SCV  
  23  2:43  SCV  
  24  2:45  Starport  
  24  2:50  Hellion x2  
  28  2:55  SCV  
  28  2:58  Orbital Command  
  29  3:07  SCV  
  29  3:11  Widow Mine x2  
  34  3:22  SCV  
  34  3:23  Medivac  
  34  3:24  SCV  
  37  3:34  Widow Mine x2, SCV  
  41  3:38  Supply Depot  
  41  3:39  SCV  
  41  3:41  Barracks Tech Lab  
  43  3:46  SCV  
  44  3:51  SCV  
  45  3:59  Widow Mine x2  
  45  4:00  Marine  
  45  4:01  Stimpack  
  50  4:03  SCV x2  
  50  4:09  Supply Depot  
  52  4:14  Command Center  
  52  4:18  Medivac  
  54  4:31  Widow Mine x2, SCV x2  
  60  4:37  Marine  
  61  4:43  Engineering Bay, SCV  
  61  4:44  Supply Depot  
  62  4:50  Barracks  
  62  5:02  Supply Depot  
  62  5:04  Refinery  
  62  5:05  Refinery, Marine, SCV x2, Viking  
  67  5:12  Missile Turret  
  67  5:13  Missile Turret  
  67  5:17  SCV  
  67  5:20  SCV  
  69  5:23  Marine  
  69  5:26  Barracks  
  70  5:34  SCV  
  71  5:40  SCV  
  71  5:41  Marine  
  71  5:44  Marine  
  71  5:46  SCV  
  72  5:52  SCV  
  72  5:56  Barracks  
  70  5:57  Barracks  
  70  5:59  SCV  
  70  6:00  Engineering Bay  
  69  6:04  SCV  
  70  6:13  Starport Reactor  
  70  6:16  Barracks Reactor  
  70  6:17  Factory Reactor  
Tags
 
Add a new tag
Caveats
  • Supply blocks, unpowered buildings, or Contaminate may cause inaccurate times.
  • Supply counts are checked every 10 seconds.